 Dungeon Crawl Stone Soup version 0.30-a0-782-ge64f9170bb (webtiles) character file.

Game seed: 12608399847637896242

287 Flugslaktarn the Shield-Bearer (level 6, -2/49 HPs)
             Began as a Formicid Fighter on Mar 9, 2023.
             Was an Initiate of Okawaru.
             Slain by an ogre
             ... wielding a +0 giant club
              (30 damage)
             ... on level 5 of the Dungeon.
             The game lasted 00:01:49 (2929 turns).

Flugslaktarn the Shield-Bearer (Formicid Fighter)   Turns: 2929, Time: 00:01:50

Health: -2/49      AC:  9    Str: 26    XL:     6   Next: 56%
Magic:  7/7        EV:  7    Int: 13    God:    Okawaru [......]
Gold:   194        SH: 14    Dex: 13    Spells: 5/5 levels left

rFire   . . .      SeeInvis +    c - +1 war axe (flame)
rCold   . . .      Faith    .    f - +0 kite shield
rNeg    + . .      Spirit   .    q - +0 chain mail
rPois   .          Reflect  +    (helmet unavailable)
rElec   .          Harm     .    (no cloak)
rCorr   .          Rampage  .    (no gloves)
Will    .....                    (no boots) Stlth
                                 l - amulet of reflection
HPRegen 0.28/turn                k - ring of Sickes {rN+ Str+3 Int+6}
MPRegen 0.10/turn                (no ring)

@: no status effects
A: permanent stasis, dig shafts and tunnels, antennae 3, four strong arms
a: Dig, Shaft Self, Renounce Religion


You were on level 5 of the Dungeon.
You worshipped Okawaru.
Okawaru was noncommittal.
You visited 2 branches of the dungeon, and saw 6 of its levels.

You collected 194 gold pieces.

Inventory:

Hand Weapons
 a - a +0 war axe
 c - a +1 war axe of flaming (weapon)
   (You acquired it on level 4 of the Dungeon)
Armour
 b - a +0 scale mail
 f - a +0 kite shield (worn)
   (You found it on level 4 of the Dungeon)
 q - a +0 chain mail (worn)
   (You found it on level 3 of the Dungeon)
Jewellery
 k - the ring of Sickes (left hand) {rN+ Str+3 Int+6}
   (You found it on level 2 of the Dungeon)

   [ring of intelligence]

   Str:       It affects your strength (+3).
   Int:       It affects your intelligence (+6).
   rN:        It protects you from negative energy.
 l - an amulet of reflection (around neck)
   (You found it on level 2 of the Dungeon)
Scrolls
 e - 2 scrolls of acquirement
Potions
 d - a potion of might
 h - 4 potions of haste
 i - a potion of cancellation
 m - 2 potions of lignification


   Skills:
 + Level 4.4 Fighting
 * Level 4.2 Axes
 + Level 4.3 Armour
 + Level 5.2 Shields
 + Level 1.5 Invocations


You had 5 spell levels left.
You didn't know any spells.
Your spell library was empty.

Dungeon Overview and Level Annotations

Branches:
Dungeon (5/15)             Temple (1/1) D:4

Altars:
Ashenzari
Fedhas
Hepliaklqana
Kikubaaqudgha
Makhleb
Nemelex Xobeh
Okawaru
Qazlal
Ru
Sif Muna
Trog
Vehumet
Wu Jian
Xom
The Shining One

Shops:
D:4 [


Innate Abilities, Weirdness & Mutations

You cannot be hasted, slowed, berserked, paralysed or teleported.
You can dig through walls and to a lower floor.
You have a pair of large antennae on your head. (SInv)
Your four strong arms can wield two-handed weapons with a shield.


Message History

The iguana is severely wounded.
The iguana bites you!
An iguana is nearby!
You hit the iguana. You burn the iguana.
You kill the iguana!
Okawaru accepts your kill.
An ufetubus comes into view.
An ufetubus is nearby!
An ufetubus is nearby!
An ufetubus is nearby!
You block the ufetubus's attack.
The ufetubus hits you but does no damage.
You closely miss the ufetubus.
The ufetubus hits you but does no damage.
You block the ufetubus's attack. The ufetubus barely misses you.
The ufetubus hits you but does no damage.
You barely miss the ufetubus.
The ufetubus hits you but does no damage.
You block the ufetubus's attack. x3
You slash the ufetubus! You burn the ufetubus.
You kill the ufetubus!
Okawaru accepts your kill.
No target in view!
No target in view!
No target in view!
No target in view!
Found a stone staircase leading up.
A goblin comes into view. It is wielding a +0 club.
The goblin shouts!
A goblin is nearby!
A goblin is nearby!
A goblin is nearby!
Found a stone staircase leading up.
The goblin hits you with a +0 club.
You closely miss the goblin. The goblin hits you but does no damage.
You block the goblin's attack.
You slash the goblin! You burn the goblin.
You kill the goblin!
Okawaru accepts your kill.
No target in view!
No target in view!
No target in view!
No target in view!
There is a stone staircase leading up here.
You see here a +0 buckler.
There is a fountain of clear blue water here.
There is a staircase to the Ecumenical Temple here.
There is a fountain of clear blue water here.
Done exploring.
Done exploring.
Done exploring.
Done exploring.
No target in view!
(D) Dungeon (T) Temple
Where to? (Enter - D:4 @ (x,y), ? - help)
A kobold comes into view. It is wielding a +0 whip.
The kobold shouts!
Unknown command.
A kobold is nearby!
A kobold is nearby!
The kobold throws a stone.
You reflect the stone off an invisible shield around you!
The stone hits the kobold.
You slash the kobold! You burn the kobold.
You kill the kobold!
Okawaru accepts your kill.
No target in view!
No target in view!
No target in view!
No target in view!
No target in view!
No target in view!
Done exploring.
Done exploring.
Done exploring.
(D) Dungeon (T) Temple
Where to? (Enter - D:5, ? - help)
There is a stone staircase leading up here.
There is a stone staircase leading down here.
You climb downwards.
The ogre shouts!
Found 10 gold pieces.
Found a stone staircase leading up.
There is a stone staircase leading up here.
An ogre is nearby!
Unknown command.
An ogre is nearby!
An ogre is nearby!
You block the ogre's attack.
You barely miss the ogre. You completely miss the ogre.
The ogre hits you with a +0 giant club!!
You barely miss the ogre. The ogre hits you with a +0 giant club.
You slash the ogre! You burn the ogre.
The ogre is almost dead.
You block the ogre's attack.
You barely miss the ogre.
The ogre is almost dead.
The ogre hits you with a +0 giant club!!
Ouch! That really hurt!
You die...

#.# <. #.## #
...## .# ...#
.# #. #..# ..#
#..#O.##..####
#..$.@........
#.##..<...###
......####.#
###### #


You could see an ogre.

Vanquished Creatures
  A scorpion (D:4)
  A necrophage (D:4)
  An iguana (D:4)
  Natasha (D:3)
  4 adders
  2 ufetubi (D:4)
  2 worms
  2 dart slugs
  2 orcs
  2 bats
  6 endoplasms
  3 giant cockroaches
  3 hobgoblins
  5 kobolds
  6 quokkas
  2 ball pythons
  2 frilled lizards
  11 goblins
  4 rats
60 creatures vanquished.

Notes
Turn   | Place    | Note
-------+----------+-------------------------------------------
     0 | D:1      | Flugslaktarn the Formicid Fighter began the quest for the
                  | Orb.
     0 | D:1      | Reached XP level 1. HP: 18/18 MP: 1/1
   158 | D:1      | Reached XP level 2. HP: 21/24 MP: 2/2
   755 | D:2      | Identified the ring of Sickes {rN+ Str+3 Int+6}
   799 | D:2      | Reached XP level 3. HP: 29/29 MP: 3/3
  1342 | D:3      | Reached XP level 4. HP: 37/37 MP: 4/4
  1369 | D:3      | Noticed Natasha
  1377 | D:3      | Killed Natasha
  1437 | D:3      | Reached XP level 5. HP: 41/42 MP: 5/5
  2074 | D:4      | Found a staircase to the Ecumenical Temple.
  2091 | Temple   | Entered the Ecumenical Temple
  2336 | Temple   | Became a worshipper of Warmaster Okawaru
  2528 | D:4      | Identified 3 scrolls of acquirement
  2528 | D:4      | Acquired a +1 war axe of flaming
  2537 | D:4      | Found Ifothicsi's Armour Boutique.
  2547 | D:4      | Reached skill level 5 in Shields
  2596 | D:4      | Reached XP level 6. HP: 48/48 MP: 6/6
  2602 | D:4      | Reached skill level 1 in Invocations
  2923 | D:5      | Entered Level 5 of the Dungeon
  2923 | D:5      | Noticed an ogre
  2929 | D:5      | Slain by an ogre

Illustrated notes

Levels and vault maps discovered:
D:1:      tarquinn_simple_flora_water_c, layout_loops_cross
D:2:      layout_basic
D:3:      layout_rooms, uniq_natasha
D:4:      layout_rooms, minmay_temple_entry_junction, serial_shops,
          nicolae_take_the_stairs
D:5:      layout_loops_cross, serial_shops, nicolae_lakefront_shop
Temple:   regret_index_temple_generic_petals

Skill      XL: |  1  2  3  4  5  6 |
---------------+-------------------+-----
Axes           | 3 4 |  4.2
Fighting       | 4 |  4.4
Armour         | 4 |  4.3
Shields        | 5 |  5.2
Invocations    | 1 |  1.5

Action                     |  1- 3 |  4- 6 || total
---------------------------+-------+-------++-------
  Melee: War axe           |    91 |    86 ||   177
    Use: Scroll            |       |    11 ||    11
 Armour: Scale mail        |    37 |    14 ||    51
         Chain mail        |       |    18 ||    18
  Dodge: Dodged            |    37 |    20 ||    57
  Block: Buckler           |    42 |    30 ||    72
         Reflection        |     2 |     3 ||     5
         Kite shield       |       |    29 ||    29

Table legend: (Time is in decaauts)
 A = Elapsed time spent in this place.
 B = Non-inter-level travel time spent in this place.
 C = Inter-level travel time spent in this place.
 D = Time resting spent in this place.
 E = Time spent auto-exploring this place.
 F = Levels seen in this place.
 G = Mean time per level.
                   A        B        C        D        E       F      G
               +--------+--------+--------+--------+--------+-----+--------+
         Total |   2997 |   2783 |    214 |    126 |   2101 |   6 |  499.5 |
       Dungeon |   2724 |   2552 |    172 |    126 |   1878 |   5 |  544.8 |
        Temple |    273 |    231 |     42 |      0 |    223 |   1 |  273.0 |
               +--------+--------+--------+--------+--------+-----+--------+

Top non-repeatable levels by time:
     D:4: 784 daAuts
     D:1: 715 daAuts
     D:2: 660 daAuts
     D:3: 556 daAuts
  Temple: 273 daAuts
     D:5: 7 daAuts
